 Dungeon Crawl Stone Soup version 0.27.0-1-g7a089689b8 (console) character file.

Game seed: 6333548067836483415

151 om the Magician (level 5, -1/37 HPs)
             Began as a Djinni Hedge Wizard on Aug 3, 2021.
             Was a Follower of Nemelex Xobeh.
             Slain by an orc wizard (4 damage)
             ... on level 4 of the Dungeon.
             The game lasted 00:17:20 (7753 turns).

om the Magician (Djinni Hedge Wizard)               Turns: 7753, Time: 00:17:21

Health: -1/37      AC:  2    Str:  9    XL:     5   Next: 60%
Gold:   221        EV: 13    Int: 16    God:    Nemelex Xobeh [*.....] SH:  0 Dex: 13

rFire    + + .     SeeInvis .   s - +4 short sword (freeze)
rCold    x . .     Faith    .   (no shield)
rNeg     . . .     Spirit   .   b - +0 robe
rPois    ∞         Reflect  .   c - +0 hat
rElec    .         Harm     .   (no cloak)
rCorr    .         Rampage  .   (no gloves)
Will     .....                  (boots unavailable)
Stlth    ++........             (no amulet)
HPRegen  0.12/turn              (no ring)
MPRegen  0.00/turn              (no ring)

@: flying
A: sickness immunity, fire resistance 2, cold vulnerability 1, float, innate
caster, hp casting, extra vitality 1
a: Renounce Religion, Draw Escape, Draw Destruction, Draw Summoning


You were on level 4 of the Dungeon.
You worshipped Nemelex Xobeh.
Nemelex Xobeh was aware of your devotion.
You visited 1 branch of the dungeon, and saw 4 of its levels.

You collected 221 gold pieces.

Inventory:

Hand Weapons
 a - a +0 dagger
 j - a +0 hand axe
 s - a +4 short sword of freezing (weapon)
Armour
 b - a +0 robe (worn)
 c - a +0 hat (worn)
Wands
 l - a wand of flame (21)
Scrolls
 e - a scroll of fog {unknown}
 f - a scroll of enchant armour {unknown}
 g - a scroll of amnesia
 h - a scroll of vulnerability
 i - a scroll of teleportation {unknown}
 n - a scroll of magic mapping {unknown}
 o - a scroll of silence {unknown}
 q - a scroll of noise
 t - a scroll of holy word {unknown}
Potions
 k - a potion of brilliance
 m - a potion of resistance
 r - 3 potions of degeneration {unknown}


   Skills:
 + Level 1.2 Fighting
 * Level 0.1 Short Blades
 + Level 3.4 Dodging
 - Level 2.0 Stealth
 - Level 0.7 Unarmed Combat
 * Level 3.6 Spellcasting


You couldn't memorise any spells.
You knew the following spells:

 Your Spells              Type           Power      Damage    Failure   Level
a - Magic Dart            Conj           56%        1d5       3%          1
b - Blink                 Tloc           N/A        N/A       6%          2
c - Call Imp              Summ           14%        N/A       6%          2
d - Slow                  Hex            14%        N/A       6%          2
e - Conjure Flame         Conj/Fire      14%        6-21      12%         3
f - Mephitic Cloud        Conj/Pois/Air  14%        N/A       12%         3
g - Beastly Appendage     Tmut           28%        N/A       3%          1
h - Corpse Rot            Necr/Air       N/A        N/A       6%          2
Your spell library was empty.

Dungeon Overview and Level Annotations

Branches:
Dungeon (4/15)
 Temple: D:4-7

Altars:
Nemelex Xobeh
Ru
Vehumet


Innate Abilities, Weirdness & Mutations

You are immune to sickness and miasma.
You are immune to poison.
Your flesh is very heat resistant. (rF++)
You are vulnerable to cold. (rC-)
You float through the air rather than walking.
You learn spells naturally, not from books.
Your magical power is your life essence.
You have superior vitality. (+4 HP)


Message History

The magic dart hits the orc wizard.
The orc wizard is moderately wounded.
The orc wizard hits you with a +0 dagger.
The orc hits you with a +0 hand axe.
Aiming: Magic Dart (safe; 3% risk of failure)
Press: ? - help, Q - select action, (/) - cycle Shift-Dir - straight line, f/p - orc wizard
Aim: an orc wizard, wielding a +0 dagger and wearing a +0 robe (moderately wounded, confused, 100% to hit)
The magic dart hits the orc wizard.
The orc wizard is severely wounded.
The orc wizard misses you. The orc hits you with a +0 hand axe.
* * * LOW HITPOINT WARNING * * *
Aiming: Magic Dart (safe; 3% risk of failure)
Press: ? - help, Q - select action, (/) - cycle Shift-Dir - straight line, f/p - orc wizard
Aim: an orc wizard, wielding a +0 dagger and wearing a +0 robe (severely wounded, confused, 100% to hit)
The magic dart hits the orc wizard but does no damage.
The orc wizard is severely wounded.
* * * LOW HITPOINT WARNING * * *
The orc misses you.
Okay, then.
Aiming: Magic Dart (safe; 3% risk of failure)
Press: ? - help, Q - select action, (/) - cycle Shift-Dir - straight line, f/p - orc wizard
Aim: an orc wizard, wielding a +0 dagger and wearing a +0 robe (severely wounded, confused, 100% to hit)
The magic dart hits the orc wizard but does no damage.
The orc wizard is severely wounded.
* * * LOW HITPOINT WARNING * * *
The orc barely misses you.
Aiming: Magic Dart (safe; 3% risk of failure)
Press: ? - help, Q - select action, (/) - cycle Shift-Dir - straight line, f/p - orc wizard
Aim: an orc wizard, wielding a +0 dagger and wearing a +0 robe (severely wounded, confused, 100% to hit)
The magic dart hits the orc wizard but does no damage.
The orc wizard is severely wounded.
* * * LOW HITPOINT WARNING * * *
The orc closely misses you.
Casting: Magic Dart (safe; 3% risk of failure)
Confirm with . or Enter, or press ? or * to list all spells.
You blink.
* * * LOW HITPOINT WARNING * * *
The orc wizard hits you with a +0 dagger.
You die...
Your body disappears without a glow.

#....>#....#...
#.....#....#...
#.....'....#...
####.####.##...
#.####.#####
#....#......
#....#......
#....#......
######.#####
########...##'##
#.@.o..........#
#.o.§...)......# .
###............#...
#...###.....##...
###+###.....##...
#................
#................
#................
###................
#......##.....##...
#......##.....####'


You could see an orc wizard (confused) and an orc.

Vanquished Creatures
  A howler monkey zombie (D:3)
  4 adders
  2 orcs (D:4)
  3 endoplasms
  4 giant cockroaches
  8 goblins
  5 hobgoblins
  5 jackals (D:4)
  3 kobolds
  3 quokkas (D:2)
  6 ball pythons
  3 bats
  5 frilled lizards
  3 rats
55 creatures vanquished.

Vanquished Creatures (collateral kills)
  A hound (D:3)
  Robin (D:2)
  2 adders
  A bat (D:2)
  2 giant cockroaches
  6 goblins
  3 hobgoblins
  A jackal (D:3)
  A quokka (D:1)
  A frilled lizard (D:2)
19 creatures vanquished.

Grand Total: 74 creatures vanquished

Notes
Turn   | Place    | Note
-------+----------+-------------------------------------------
     0 | D:1      | om the Djinni Hedge Wizard began the quest for the Orb.
     0 | D:1      | Reached XP level 1. HP: 15/15 MP: 0/0
   347 | D:1      | Reached XP level 2. HP: 13/21 MP: 0/0
  1197 | D:1      | Found a faded altar of an unknown god.
  2445 | D:2      | Reached XP level 3. HP: 19/25 MP: 0/0
  2445 | D:2      | Learned a level 1 spell: Beastly Appendage
  3523 | D:2      | Noticed Robin
  3536 | D:2      | Killed Robin
  3542 | D:2      | HP: 1/25 [adder (3)]
  3547 | D:2      | Reached XP level 4. HP: 10/31 MP: 0/0
  3940 | D:2      | Found a sparkling altar of Nemelex Xobeh.
  3956 | D:2      | Became a worshipper of Nemelex Xobeh the Trickster
  4591 | D:3      | Found a sacrificial altar of Ru.
  5282 | D:3      | Reached XP level 5. HP: 33/36 MP: 0/0
  5282 | D:3      | Learned a level 2 spell: Corpse Rot
  5870 | D:3      | Reached skill level 1 in Fighting
  6169 | D:4      | Reached * piety under Nemelex Xobeh
  7050 | D:4      | Noticed a sky beast
  7753 | D:4      | Slain by an orc wizard

Illustrated notes

Levels and vault maps discovered:
D:1:      psy_arrival_conway, layout_basic, dreamdust_ecumenical_altar_grove,
          minmay_bisected
D:2:      layout_rooms, basic_altar, uniq_robin
D:3:      layout_basic, mainiacjoe_overflow_concentric_impassable,
          nicolae_vehumet_radiance, roderic_filled_cross,
          minmay_misc_feat_secret_circle
D:4:      layout_gridville, kennysheep_little_box

Skill      XL: |  1  2  3  4  5 |
---------------+----------------+-----
Stealth        | 2 |  2.0
Spellcasting   | 3 |  3.6
Dodging        | 3 |  3.4
Fighting       | 1 |  1.2
Short Blades   | |  0.1
Unarmed Combat | |  0.7

Action                   |  1- 3 |  4- 6 || total
-------------------------+-------+-------++-------
Melee: Dagger            |    10 |    45 ||    55
       Headbutt          |       |     5 ||     5
       Short sword       |       |    12 ||    12
 Cast: Magic Dart        |    59 |    98 ||   157
       Call Imp          |    17 |     2 ||    19
       Blink             |     2 |     3 ||     5
       Mephitic Cloud    |     1 |     2 ||     3
       Slow              |     1 |       ||     1
       Beastly Appendage |       |     5 ||     5
       Corpse Rot        |       |     1 ||     1
  Use: Potion            |     1 |     1 ||     2
       Scroll            |       |     6 ||     6
 Stab: Sleeping          |       |     1 ||     1
Armor: Robe              |    10 |    21 ||    31
Dodge: Dodged            |    56 |    59 ||   115
